 Dungeon Crawl Stone Soup version 0.27.1-34-g3ba077fa99 (webtiles) character file.

Game seed: 7364403496765129034

43 zeram the Sneak (level 3, -1/24 HPs)
             Began as an Octopode Brigand on Jan 24, 2022.
             Killed from afar by a white imp (3 damage)
             ... with a puff of frost
             ... summoned by Natasha
             ... on level 2 of the Dungeon.
             The game lasted 00:01:33 (976 turns).

zeram the Sneak (Octopode Brigand)                   Turns: 976, Time: 00:01:34

Health: -1/24      AC:  1    Str: 10    XL:     3   Next: 58%
Magic:  3/3        EV: 13    Int: 14    God:
Gold:   64         SH:  0    Dex: 13    Spells: 2/2 levels left

rFire    . . .     SeeInvis .   a - +2 dagger
rCold    . . .     Faith    .   (no shield)
rNeg     . . .     Spirit   .   (helmet restricted)
rPois    .         Reflect  .   (no amulet)
rElec    .         Harm     .   (no ring)
rCorr    .         Rampage  .   (no ring)
Will     .....                  (no ring)
Stlth    ++++......             (no ring)
HPRegen  0.08/turn              (no ring)
MPRegen  0.08/turn              (no ring)
                                (no ring)
                                (no ring)

@: no status effects
A: almost no armour, amphibious, 8 rings, camouflage 1, gelatinous body 1,
(nimble swimmer 1), tentacles
a: no special abilities


You were on level 2 of the Dungeon.
You visited 1 branch of the dungeon, and saw 2 of its levels.

You collected 64 gold pieces.

Inventory:

Hand Weapons
 a - a +2 dagger (weapon)
Missiles
 b - 27 poisoned darts (quivered)
 c - 2 curare-tipped darts


   Skills:
 - Level 2.0 Fighting
 + Level 2.3 Short Blades
 - Level 2.0 Throwing
 + Level 1.3 Dodging
 + Level 6.8 Stealth


You had 2 spell levels left.
You didn't know any spells.
Your spell library was empty.

Dungeon Overview and Level Annotations

Branches:
Dungeon (2/15)

Altars:

Annotations:
D:2 Natasha


Innate Abilities, Weirdness & Mutations

You cannot wear most types of armour.
You are amphibious.
You can wear up to eight rings at the same time.
Your skin changes colour to match your surroundings (Stealth+).
Your rubbery body absorbs attacks. (AC +1, EV +1)
((You are camouflaged near water. (Stealth+)))
You have tentacles for arms and can constrict up to eight enemies at once.


Message History

The adder poisons you!
You are too injured to fight recklessly!
You are too injured to fight recklessly!
Unknown command.
You aren't carrying any scrolls.
You aren't carrying any potions.
You feel sick.
Natasha mumbles some strange words.
The quokka twitches its whiskers.
You feel sick. The adder misses you.
You feel sick.
You feel sick.
You feel sick.
You are no longer poisoned.
Natasha casts a spell.
The adder closely misses you.
You aren't carrying any scrolls.
Unknown command.
The white imp gestures at you. The puff of frost misses you.
The white imp puffs mist at you. The adder bites you.
* * * LOW HITPOINT WARNING * * *
You closely miss the adder. You grab the adder. You constrict the adder.
The adder bites you but does no damage.
You hit the adder.
The adder is heavily wounded.
You constrict the adder.
Natasha wildly gestures.
Natasha's front paws start to glow.
The adder barely misses you.
You hit the adder.
You kill the adder!
The quokka bites you.
* * * LOW HITPOINT WARNING * * *
The white imp shouts, "Back with thee, thou clouted knotty-pated scavenger!"
The quokka misses you.
Natasha casts a spell.
The white imp gestures at you. The puff of frost hits you.
You die...

........††..........
#....#.).###........
###..####...##......## #
......# ##.............#
......# ##.#..........#
......#####.##.........#
..............5r#.#....#
......#####.###.#......#
........# #†###r@......#
#######.# #.##h.#......#
#.# #..5....#....# #.#
#.####### .#..
######.##### # #
#..........#
#..........#
#..........#
#.........>#


You could see an iron imp (summoned), Natasha, a white imp (summoned) and 2
quokkas.

Vanquished Creatures
  An adder (D:2)
  3 dart slugs (D:1)
  A bat (D:1)
  2 endoplasms (D:1)
  A giant cockroach (D:2)
  A goblin (D:2)
  6 hobgoblins
  A kobold (D:1)
  2 quokkas (D:1)
  5 ball pythons
  2 frilled lizards
  2 rats (D:1)
27 creatures vanquished.

Notes
Turn   | Place    | Note
-------+----------+-------------------------------------------
     0 | D:1      | zeram the Octopode Brigand began the quest for the Orb.
     0 | D:1      | Reached XP level 1. HP: 14/14 MP: 1/1
   188 | D:1      | Reached XP level 2. HP: 19/19 MP: 2/2
   198 | D:1      | Reached skill level 6 in Stealth
   374 | D:1      | Found a faded altar of an unknown god.
   534 | D:1      | Reached XP level 3. HP: 24/24 MP: 3/3
   953 | D:2      | Noticed Natasha
   976 | D:2      | Killed from afar by a white imp

Illustrated notes

Levels and vault maps discovered:
D:1:      dpeg_arrival_round_a, layout_basic, basic_ecumenical_altar
D:2:      layout_rooms, uniq_natasha

Skill      XL: |  1  2 |
---------------+-------+-----
Stealth        | 6 |  6.8
Fighting       | |  2.0
Short Blades   | |  2.3
Throwing       | |  2.0
Dodging        | |  1.3

Action                   || total
-------------------------++-------
Melee: Dagger            ||    40
       Tentacles         ||     5
       Constrict         ||     6
  Use: Scroll            ||     1
 Stab: Sleeping          ||    15
Armor: Skin              ||     2
Dodge: Dodged            ||    13
